 Dungeon Crawl Stone Soup version 0.18.1-8-gdd0e5ea (webtiles) character file.

15 M4edhros the Grave Robber (level 2, 0/17 HPs)
             Began as an Octopode Necromancer on June 6, 2016.
             Killed from afar by Ruisuuh the naga (4 damage)
             ... with a splash of poison
             ... created by the player character
             ... on level 1 of the Dungeon.
             The game lasted 00:01:56 (313 turns).

M4edhros the Grave Robber (Octopode Necromancer)     Turns: 313, Time: 00:01:56

Health: 0/17       AC:  1    Str:  7    XL:     2   Next: 50%
Magic:  5/5        EV: 12    Int: 17    God:
Gold:   56         SH:  0    Dex: 12    Spells: 2 memorised, 3 levels left

rFire  . . .     SeeInvis .       - Unarmed
rCold  . . .     Gourm    .     (no shield)
rNeg   . . .     Faith    .     (helmet restricted)
rPois  .         Spirit   .     (no amulet)
rElec  .         Dismiss  .     (no ring)
rCorr  .         Reflect  .     (no ring)
SustAt .         Harm     .     (no ring)
MR     .....                    (no ring)
Stlth  +++.......               (no ring)
                                (no ring)
                                (no ring)
                                (no ring)

@: lethally poisoned (0 -> -5), not resistant to hostile enchantments, fairly
stealthy
A: almost no armour, amphibious, 8 rings, constrict 8, camouflage 1, gelatinous
body 1
a: no special abilities


You were on level 1 of the Dungeon.
You were not hungry.

You visited 1 branch of the dungeon, and saw 1 of its levels.

You collected 56 gold pieces.

Inventory:

Scrolls
 c - a scroll of immolation {unknown}
Potions
 e - a potion of brilliance {unknown}
Books
 a - a book of Necromancy

   Spells                             Type                      Level
   a - Pain                           Necromancy                   1
   b - Animate Skeleton               Necromancy                   1
   c - Vampiric Draining              Necromancy                   3
   d - Regeneration                   Charms/Necromancy            3
   e - Animate Dead                   Necromancy                   4
   f - Control Undead                 Necromancy                   4
Miscellaneous
 d - a plain deck of changes {drawn: 1}
Comestibles
 b - a bread ration


   Skills:
 - Level 2.0 Dodging
 - Level 2.6 Stealth
 + Level 2.0 Unarmed Combat
 - Level 2.0 Spellcasting
 - Level 4.0 Necromancy


You had 3 spell levels left.
You knew the following spells:

 Your Spells              Type           Power        Failure   Level  Hunger
a - Pain                  Necr           ###.         3%          1    #......
b - Animate Skeleton      Necr           N/A          3%          1    #......


Dungeon Overview and Level Annotations

Branches:
Dungeon (1/15)

Altars:
Nemelex Xobeh


Innate Abilities, Weirdness & Mutations

You cannot wear most types of armour.
You are amphibious.
You can wear up to eight rings at the same time.
You can use your tentacles to constrict eight enemies at once.
Your skin changes colour to match your surroundings (Stealth).
Your rubbery body absorbs attacks (AC +1).


Message History

Things that are here:
a dagger; 2 stones All of the chunks of flesh in your inventory have rotted away.
Found a plain deck of cards.
Found a sparkling altar of Nemelex Xobeh.
Found 23 arrows.
Found a sapphire potion.
There is a sparkling altar of Nemelex Xobeh here.
You see here a plain deck of cards.
d - a plain deck of cards A giant cockroach comes into view.
Evoke which item? (* to show all) (? for menu, Esc to quit)
You draw a card...
It is the Mercenary.
You cannot afford Ruisuuh's fee of 158 gold!
Ruisuuh attacks!
Ruisuuh the naga comes into view.
It is wielding a long sword of protection.
Ruisuuh spits poison at you. The splash of poison hits you!
You are lethally poisoned!
You die...

#.# #.###.#.### #.#
##...........b
#.#######.....####.......
#.##....)........#.......
#.##.####.....##.#.......
...#.#####.#.###.#....(..
...........#.# #.#.......
...#.#######)# #.#.....!.
####.# #.# #@#.......
#.#######.###_........
#...............N....s
##################....
###


You could see Ruisuuh the naga.

Vanquished Creatures
  A giant gecko (D:1)
  A giant cockroach (D:1)
  2 hobgoblins (D:1)
  3 jackals (D:1)
  2 bats (D:1)
  3 kobolds (D:1)
  A rat (D:1)
13 creatures vanquished.

Vanquished Creatures (collateral kills)
  A bat (D:1)
1 creature vanquished.

Grand Total: 14 creatures vanquished

Notes
Turn   | Place    | Note
--------------------------------------------------------------
     0 | D:1      | M4edhros the Octopode Necromancer began the quest for the Orb.
     0 | D:1      | Reached XP level 1. HP: 11/11 MP: 3/3
    30 | D:1      | Learned a level 1 spell: Animate Skeleton
    60 | D:1      | Reached skill level 1 in Unarmed Combat
   129 | D:1      | Reached XP level 2. HP: 4/17 MP: 3/5
   302 | D:1      | Found a sparkling altar of Nemelex Xobeh.
   312 | D:1      | Noticed Ruisuuh
   313 | D:1      | Killed from afar by Ruisuuh the naga

Skill      XL: |  1  2 |
---------------+-------+-----
Unarmed Combat | 1 2 |  2.0
Dodging        | |  2.0
Stealth        | |  2.6
Spellcasting   | |  2.0
Necromancy     | |  4.0

Action                   || total
-------------------------++-------
Melee: Unarmed           ||    17
       Tentacles         ||     4
       Constrict         ||     3
 Cast: Pain              ||    18
       Animate Skeleton  ||     2
Evoke: Deck              ||     1
Armor: Skin              ||     4
Dodge: Dodged            ||    19
